AoeStats
← ROKETSAN YeniCeri

Arabia

504807155Analyzed
2v2 RM · 25d ago on Sep 6, 2026· 27m 44s· 4 players
Game mode
Random Map
Map size
Medium (4 player)
Population
200
Speed
Normal
Resources
Standard
Victory
Conquest
Starting age
Dark Age
Ending age
Imperial Age
RankedLock teamsTeams togetherTeam positionsShared explorationLock speedFull tech treeHidden civsTurbo modeCheats
Victory
Defeat
🇻🇳 Teutons · Vietnam
882
+14
🇩🇪 Turks · Germany
853
+15
🇪🇸 Khitans · Spain
872
-16
🇪🇸 Franks · Spain
804
-13
ROKETSAN YeniCeri
1:29 Loom
12:37 Feudal Age
17:48 Castle Age
17:48 Horse Collar
GANADO
9:53 Feudal Age
11:46 Bloodlines
14:49 Double-Bit Axe
17:21 Horse Collar
23:03 Castle Age
23:42 Scale Mail Armor
26:01 Forging
25:58 Scale Barding Armor
27:32 Iron Casting
el_mulo
5:53 Loom
12:13 Feudal Age
12:40 Domestication
13:05 Double-Bit Axe
20:44 Forging
27:39 Castle Age
25:37 Gold Mining
26:31 Stone Mining
27:29 Scale Mail Armor
Scipion_25
12:05 Feudal Age
20:14 Castle Age
18:50 Double-Bit Axe
21:36 Wheelbarrow
21:14 Bow Saw
24:44 Fletching
25:24 Elite Skirmisher
Connection lost

Rejoining the realm…

Still unreachable

The connection could not be restored.

Session expired

The server has moved on; the page needs a fresh start.